 Dungeon Sprint DCSS version 0.16-a0-3807-g3748f16 (webtiles) character file.

7 BluebellGnoll the Covered (level 2, -1/29 HPs)
             Began as an Ogre Gladiator on Jan 27, 2015.
             Was an Initiate of Makhleb.
             Slain by a yaktaur
             ... wielding the +10 battleaxe of Poent {chop, *Rage rElec rPois+ rF- Str+5}
              (2 damage)
             ... in the Dungeon (Sprint V: "Ziggurat Sprint").
             The game lasted 00:02:12 (76 turns).

BluebellGnoll the Covered (Ogre Gladiator)            Turns: 76, Time: 00:02:12

Health: -1/29      AC: 21    Str: 25    XL:     2   Next: 0%
Magic:  2/2        EV: -4    Int:  7    God:    Makhleb [......]
Gold:   0          SH: 26    Dex: 16    Spells: 0 memorised, 1 level left

rFire  + . .     SeeInvis .     u - +6 shillelagh "Devastator" {shatter}
rCold  + . .     Clarity  .     K - +5 gold dragon armour
rNeg   + . .     SustAb   .     q - +18 shield of the gong {rElec rN+ MR+ EV-5}
rPois  +         Gourm    .     c - +0 hat
rElec  +         Spirit   .     (no cloak)
rCorr  .         Warding  .     (gloves unavailable)
rMut   .         NoTele   +     (boots unavailable)
MR     +....                    (no amulet)
Stlth  ..........               r - +6 ring of dexterity
                                v - +6 ring of strength

@: somewhat resistant to hostile enchantments, extremely unstealthy
A: unfitting armour, tough skin 1
a: Renounce Religion


You were in the Dungeon.
You worshipped Makhleb.
Makhleb was noncommittal.
You were not hungry.

You visited 1 branch

Inventory:

Hand weapons
 u - the +6 shillelagh "Devastator" (weapon) {shatter}
   (You found it in the Dungeon)
 L - a +5 demon whip
Missiles
 d - 3 throwing nets (quivered)
Armour
 c - a +0 hat (worn)
 q - the +18 shield of the gong (worn) {rElec rN+ MR+ EV-5}
   (You found it in the Dungeon)

   It affects your evasion (-5).
   It insulates you from electricity.
   It protects you from negative energy.
   It affects your resistance to hostile enchantments.
 K - a +5 gold dragon armour (worn)
Magical staves
 p - an uncursed staff of energy
Jewellery
 r - a +6 ring of dexterity (right hand)
 s - a +6 ring of intelligence
 t - a +6 ring of intelligence
 v - a +6 ring of strength (left hand)
Magical devices
 l - a wand of disintegration (7)
 m - a wand of fire (5)
 n - a wand of cold (5)
 o - a wand of draining (5)
Scrolls
 k - 4 scrolls of blinking
 w - 4 scrolls of amnesia
 x - 3 scrolls of recharging
 y - 7 scrolls of fog
 z - a scroll of holy word
 A - 5 scrolls of identify
 B - 5 scrolls of remove curse
 C - 2 scrolls of fear
Potions
 e - 10 potions of curing
 g - 10 potions of heal wounds
 h - 6 potions of haste
 i - 7 potions of magic
 j - 3 potions of berserk rage
 D - 2 potions of brilliance
 E - 2 potions of invisibility
 F - 2 potions of restore abilities
 G - 4 potions of resistance
 I - 5 potions of agility
 J - 5 potions of might
Comestibles
 a - 42 fruits
 b - 4 bread rations
 f - 5 meat rations


   Skills:
 - Level 2.6 Fighting
 + Level 4.0 Maces & Flails
 - Level 2.1 Throwing
 - Level 6.1 Armour
 - Level 2.6 Dodging


You had one spell level left.
You didn't know any spells.

Dungeon Overview and Level Annotations

Branches:
Dungeon (1/1)

Altars:
Ashenzari
Cheibriados
Dithmenos
Elyvilon
Fedhas
Gozag
Kikubaaqudgha
Makhleb
Nemelex Xobeh
Okawaru
Qazlal
Ru
Sif Muna
Trog
Vehumet
Xom
Yredelemnul
Zin
The Shining One
Beogh
Jiyva
Lugonu


Innate Abilities, Weirdness & Mutations

You are too large for most types of armour.
You have tough skin (AC +1).


Message History

The centaur unwields an uncursed shortbow.
The centaur wields a +0 short sword of speed.
You block the centaur's attack.
SHROANNG!
Unknown command.
You sock the yaktaur!
The yaktaur shudders.
The yaktaur is moderately wounded. x2
You block the centaur's attack.
BONNNG!
The yaktaur unwields an uncursed arbalest.
The yaktaur wields the +10 battleaxe of Poent {chop, *Rage rElec rPois+ rF- Str+5}.
The yaktaur hits you with the +10 battleaxe of Poent {chop, *Rage rElec rPois+ rF- Str+5}.
The centaur hits you but does no damage. x2
You hit the yaktaur but do no damage.
The yaktaur is moderately wounded.
You block the centaur's attack.
GONNNNG!
The yaktaur hits you with the +10 battleaxe of Poent {chop, *Rage rElec rPois+ rF- Str+5}!
* * * LOW HITPOINT WARNING * * *
You die...

▓▓▓▓▓▓▓
▓.8©8.▓
▓.....▓
▓.c.c.▓
▓..@..▓
▓..(..▓
▓...(.▓
▓▓▓▓▓▓▓


You could see a yaktaur and a centaur.

Vanquished Creatures (others)
  A spatial maelstrom (D)
1 creature vanquished.

Notes
Turn   | Place    | Note
--------------------------------------------------------------
     0 | D        | BluebellGnoll, the Ogre Gladiator, began the quest for the Orb.
     0 | D        | Reached XP level 1. HP: 22/22 MP: 1/1
     0 | D        | Found a viscous altar of Jiyva.
     0 | D        | Found a corrupted altar of Lugonu.
     0 | D        | Found a white marble altar of Elyvilon.
     2 | D        | Found a sparkling altar of Nemelex Xobeh.
     2 | D        | Found a burning altar of Makhleb.
     3 | D        | Found a deep blue altar of Sif Muna.
     3 | D        | Found a bloodstained altar of Trog.
     7 | D        | Found an iron altar of Okawaru.
    19 | D        | Found a radiant altar of Vehumet.
    40 | D        | Found a basalt altar of Yredelemnul.
    44 | D        | Banished a spatial maelstrom
    50 | D        | Found a shimmering altar of Xom.
    62 | D        | Became a worshipper of Makhleb the Destroyer
    71 | D        | Reached skill level 6 in Armour
    71 | D        | Reached XP level 2. HP: 29/29 MP: 2/2
    72 | D        | Entered arena 1.
    72 | D        | Noticed a yaktaur
    72 | D        | Noticed a centaur
    73 | D        | Identified the +10 battleaxe of Poent {chop, *Rage rElec rPois+ rF- Str+5}
    76 | D        | HP: 1/29 [yaktaur/the +10 battleaxe of Poent {chop, *Rage rElec rPois+ rF- Str+5} (10)]
    76 | D        | Slain by a yaktaur

Action                   || total
-------------------------++-------
Melee: Shillelagh        ||     2
  Use: Potion            ||     1
